 Dungeon Crawl Stone Soup version 0.18-a0-1396-g8753ca6 (webtiles) character file.

86 dvd the Sneak (level 4, -7/40 HPs)
             Began as an Octopode Ice Elementalist on Feb 23, 2016.
             Killed by divine providence
             ... invoked by an orc priest
              (11 damage)
             ... on level 3 of the Dungeon.
             The game lasted 00:05:41 (2531 turns).

dvd the Sneak (Octopode Ice Elementalist)           Turns: 2531, Time: 00:05:41

Health: -7/40      AC: 27    Str:  7    XL:     4   Next: 49%
Magic:  1/8        EV:  2    Int: 17    God:
Gold:   38         SH:  0    Dex: 13    Spells: 3 memorised, 2 levels left

rFire  . . .     SeeInvis .     e - +0 dagger
rCold  . . .     Gourm    .     (no shield)
rNeg   + + +     Faith    .     (helmet currently unavailable)
rPois  +         Spirit   .     (no amulet)
rElec  .         Dismiss  .     (no ring)
rCorr  .         Reflect  .     (no ring)
SustAt .         Harm     .     (no ring)
MR     .....     NoTele   +     (no ring)
Stlth  +++.......               (no ring)
                                (no ring)
                                (no ring)
                                (no ring)

@: icy armour, tree-form, very slightly contaminated, slow, not resistant to
hostile enchantments, fairly stealthy
A: almost no armour, amphibious, 8 rings, (constrict 8), (camouflage 0),
(gelatinous body 0)
a: no special abilities


You were on level 3 of the Dungeon.
You were hungry.
You were a tree.
You visited 1 branch of the dungeon, and saw 3 of its levels.

You collected 38 gold pieces.

Inventory:

Hand Weapons
 e - a +0 dagger (weapon)
Wands
 r - a wand of disintegration (18/24)
Scrolls
 g - 3 scrolls of identify {unknown}
 i - a scroll of remove curse {unknown}
 l - a scroll of amnesia {unknown}
 n - 2 scrolls of teleportation {unknown}
 o - a scroll of fog {unknown}
 q - a scroll of recharging {unknown}
Potions
 h - a potion of flight {unknown}
 p - a potion of cure mutation {unknown}
Books
 a - a book of Frost

   Spells                             Type                      Level
   a - Freeze                         Ice                          1
   b - Throw Frost                    Conjuration/Ice              2
   c - Ozocubu's Armour               Charms/Ice                   3
   d - Throw Icicle                   Conjuration/Ice              4
   e - Summon Ice Beast               Ice/Summoning                4
Miscellaneous
 m - a plain deck of changes
Comestibles
 b - 3 bread rations
 c - a meat ration
 d - a beef jerky
 j - 2 fruits
 k - 2 chunks of flesh


   Skills:
 + Level 0.2 Fighting
 + Level 0.2 Short Blades
 + Level 2.5 Dodging
 + Level 3.9 Stealth
 + Level 2.7 Spellcasting
 + Level 1.2 Conjurations
 + Level 3.6 Ice Magic


You had 2 spell levels left.
You knew the following spells:

 Your Spells              Type           Power        Failure   Level  Hunger
a - Freeze                Ice            ##..         4%          1    #......
b - Throw Frost           Conj/Ice       ##....       12%         2    ##.....
c - Ozocubu's Armour      Chrm/Ice       #.......     24%         3    ###....


Dungeon Overview and Level Annotations

Branches:
Dungeon (3/15)

Altars:
Makhleb
Nemelex Xobeh
Ru


Innate Abilities, Weirdness & Mutations

You cannot wear most types of armour.
You are amphibious.
You can wear up to eight rings at the same time.
((You can use your tentacles to constrict eight enemies at once.))
((Your skin changes colour to match your surroundings (Stealth).))
((Your rubbery body absorbs attacks (AC +1).))


Message History

Unknown command.
You barely miss the giant gecko.
The giant gecko is moderately wounded.
The giant gecko bites you but does no damage.
The orc priest miscasts a cantrip.
The orc hits you but does no damage.
Casting: Freeze
Confirm with . or Enter, or press ? or * to list all spells.
Aiming: Freeze
Press: ? - help, Shift-Dir - straight line, f/p - giant gecko
Aim: a giant gecko (moderately wounded)
You freeze the giant gecko.
You kill the giant gecko!
The rat bites you but does no damage. The orc hits you but does no damage. x2
You hit the rat.
The rat is moderately wounded.
The rat bites you but does no damage.
The orc priest calls down the wrath of Beogh upon you.
Beogh smites you!
You die...

#.........#........
#..................
#..............#### .
#..............# ## ..
+..............# #. ...
#.............## #. ....
#....########### #. .....
#....#_###⌠#.#.# #.
###...#o♣o.8.#.#.#.#.####
.......ro.............#..
....................._#..
#..........8.#.#.#.#.###.
#.......########.#.####..
###.....+ #########.
.......# #.......
..#...... ##.......
......... #........


You could see an orc priest, 2 orcs and a rat.

Vanquished Creatures
  3 adders
  3 dart slugs
  2 giant geckos
  An orc (D:3)
  2 giant cockroaches
  6 goblins
  6 hobgoblins
  5 jackals (D:2)
  A quokka (D:2)
  2 ball pythons
  4 bats
  2 giant newts
  5 kobolds
  6 rats
48 creatures vanquished.

Notes
Turn   | Place    | Note
--------------------------------------------------------------
     0 | D:1      | dvd the Octopode Ice Elementalist began the quest for the Orb.
     0 | D:1      | Reached XP level 1. HP: 11/11 MP: 3/3
   324 | D:1      | Reached XP level 2. HP: 17/17 MP: 0/5
   328 | D:1      | Learned a level 2 spell: Throw Frost
   889 | D:1      | Reached XP level 3. HP: 6/21 MP: 3/6
  1560 | D:2      | Learned a level 3 spell: Ozocubu's Armour
  1678 | D:2      | Found a sacrificial altar of Ru.
  1733 | D:2      | Reached XP level 4. HP: 27/27 MP: 4/7
  1741 | D:2      | Found a sparkling altar of Nemelex Xobeh.
  2486 | D:3      | Found a burning altar of Makhleb.
  2491 | D:3      | Found a sacrificial altar of Ru.
  2531 | D:3      | Killed from afar by an orc priest

Vault maps used:
D:1:      dpeg_arrival_water_fire, hangedman_decor_growths
D:2:      nemelex_deck, serial_curves, eino_curves_01, eino_curves_02,
          eino_curves_03, eino_curves_04, minmay_hedge_maze,
          nicolae_ru_awakened_eye
D:3:      overflow_temple_1_default, lemuel_coloured_pillars_altar, minitemple,
          elyvilon_altar_4, dk_noncrumbling_4, lemuel_another_geyser

Skill      XL: |  1  2  3 |
---------------+----------+-----
Stealth        | 3 |  3.9
Fighting       | |  0.2
Short Blades   | |  0.2
Dodging        | |  2.5
Spellcasting   | |  2.7
Conjurations   | |  1.2
Ice Magic      | |  3.6

Action                   |  1- 3 |  4- 6 || total
-------------------------+-------+-------++-------
Melee: Unarmed           |     9 |       ||     9
       Dagger            |    16 |    30 ||    46
 Cast: Freeze            |    25 |     4 ||    29
       Throw Frost       |     9 |     1 ||    10
       Ozocubu's Armour  |     1 |     4 ||     5
  Use: Potion            |       |     1 ||     1
 Stab: Sleeping          |    14 |     5 ||    19
  Eat: Chunk             |     3 |     3 ||     6
